 Dungeon Crawl Stone Soup version 0.16-a0-791-gf1c67de (webtiles) character file.

308 RobertPalmer the Cudgeler (level 6, 55/55 HPs)
             Began as an Ogre Transmuter on Sept 28, 2014.
             Was an Initiate of Ashenzari.
             Quit the game on Level 4 of the Dungeon.
             The game lasted 00:13:05 (4916 turns).

RobertPalmer the Cudgeler (Ogre Transmuter)         Turns: 4916, Time: 00:13:06

HP  55/55        AC  3     Str 18      XL: 6   Next: 40%
MP  20/20        EV 10     Int 13      God: Ashenzari [......]
Gold 116         SH  0     Dex 11      Spells:  2 memorised,  6 levels left

rFire  . . .     SeeInvis .     a - +0 flail
rCold  . . .     Clarity  .     c - +0 robe
rNeg   . . .     rCorr    .     (shield restricted)
rPois  .         rRot     .     (helmet restricted)
rElec  .         Spirit   .     (no cloak)
SustAb .         Warding  .     (gloves unavailable)
rMut   .         Stasis   .     (boots unavailable)
Gourm  .                        (no amulet)
MR     .....                    f - +2 ring of strength
                                g - ring of magical power

@: not resistant to hostile enchantments, very unstealthy
A: unfitting armour, tough skin 1
a: Renounce Religion


You were on level 4 of the Dungeon.
You worshipped Ashenzari.
Ashenzari was noncommittal.
You were very hungry.

You visited 1 branch of the dungeon, and saw 4 of its levels.

You collected 116 gold pieces.


Innate Abilities, Weirdness & Mutations

You are too large for most types of armour.
You have tough skin (AC +1).


   Skills:
 - Level 1.3 Fighting
 + Level 6.7 Maces & Flails
 - Level 1.7 Dodging
 - Level 2.6 Unarmed Combat
 - Level 2.4 Spellcasting
 - Level 2.8 Transmutations


You had 6 spell levels left.
You knew the following spells:

 Your Spells              Type           Power        Failure   Level  Hunger
z - Beastly Appendage     Trmt           #.....       10%         1    #......
Z - Sticks to Snakes      Trmt           #.........   14%         2    ###....

Inventory:

Hand weapons
 a - a +0 flail (weapon)
Missiles
 b - 24 arrows
Armour
 c - a +0 robe (worn)
Magical devices
 h - a wand of teleportation (4) {unknown}
Comestibles
 k - 5 fruits
Scrolls
 l - a scroll of blinking
Jewellery
 f - a +2 ring of strength (right hand)
 g - a ring of magical power (left hand)
 i - an uncursed ring of fire
Potions
 e - a potion of heal wounds {unknown}
 j - a potion of lignification {unknown}
Books
 d - a book of Changes

Dungeon Overview and Level Annotations

Branches:
Dungeon (4/15)
 Temple: D:4-7

Altars:
Ashenzari

Annotations:
D:3 Grinder; RobertPalmer's ghost, average OgTm

.....## #.##
......### #####..#
%.......####.....##
##.......##....#...#
##......o....###.###
#..######..### #.#
#..# #..# ### ..##
#..# #### ..##
#..####.@## ...##
#.......#.# ....##
#......#### .##..##
#....###
####..###....# #
##.......###
##..###...# #.##
#..## #..# #..#


There were no monsters in sight!


Message History

You are near starving!
You start resting.
HP restored.
You start waiting.
Done waiting.
Things that are here:
an uncursed hand axe; an orc corpse You are starving!
You finish butchering the orc corpse.
There isn't anything to butcher here.
There isn't anything to butcher here.
There isn't anything to butcher here.
Unknown command.
Unknown command.
Unknown command.
Unknown command.
Unknown command.
Unknown command.
Unknown command.
Unknown command.
Unknown command.
Eat one of 2 chunks of orc flesh? (ye/n/q/i?)
You are feeling very hungry.
Saving game... please wait.
Welcome back, RobertPalmer the Ogre Transmuter.
Ashenzari says: Partake of my vision.
Partake of my curse.
Quiver which item? (- for none, * to show all) (? for menu, Esc to quit)
Okay, then.
Unknown command.
Are you sure you want to abandon this character and quit the game? (Confirm with "yes".)

Action                   |  1- 3 |  4- 6 || total
-------------------------+-------+-------++-------
Melee: Unarmed           |   150 |       ||   150
       Club              |    43 |    66 ||   109
       Flail             |       |    80 ||    80
 Cast: Beastly Appendage |    17 |    12 ||    29
       Sticks to Snakes  |     2 |    36 ||    38
  Use: Scroll            |     5 |     3 ||     8
       Potion            |       |     4 ||     4
 Stab: Distracted        |       |     1 ||     1
       Sleeping          |       |     1 ||     1
  Eat: Chunk             |     2 |     7 ||     9
       Meat ration       |     1 |       ||     1
       Pizza             |       |     1 ||     1

Vault maps used:
D:1:      onia_arrival_handbag, hangedman_feature_mirror
D:3:      uniq_grinder, uniq_terence, uniq_sigmund
D:4:      black_bear_nest_1, kennysheep_little_box, ashenzari_altar_1,
          uniq_menkaure, uniq_blork_the_orc

Notes
Turn   | Place    | Note
--------------------------------------------------------------
     0 | D:1      | RobertPalmer, the Ogre Transmuter, began the quest for the Orb.
     0 | D:1      | Reached XP level 1. HP: 19/19 MP: 3/3
   105 | D:1      | Reached skill level 2 in Transmutations
   105 | D:1      | Reached XP level 2. HP: 21/27 MP: 5/5
   292 | D:1      | HP: 2/27 [kobold (2)]
   297 | D:1      | HP: 1/27 [kobold (1)]
   746 | D:1      | Reached XP level 3. HP: 33/33 MP: 6/6
  1125 | D:2      | Learned a level 2 spell: Sticks to Snakes
  1200 | D:2      | Reached skill level 1 in Maces & Flails
  1449 | D:2      | Reached XP level 4. HP: 23/41 MP: 8/8
  1660 | D:2      | Reached skill level 2 in Maces & Flails
  2101 | D:2      | HP: 3/41 [adder (3)]
  2121 | D:2      | HP: 4/41 [poisoned by an adder]
  2129 | D:2      | HP: 3/41 [poisoned by an adder]
  2167 | D:2      | Reached skill level 3 in Maces & Flails
  3244 | D:3      | Reached XP level 5. HP: 48/48 MP: 9/9
  3326 | D:3      | Reached skill level 4 in Maces & Flails
  3393 | D:3      | Noticed Sigmund
  3452 | D:3      | Killed Sigmund
  3556 | D:3      | Noticed Grinder
  3750 | D:3      | Reached skill level 5 in Maces & Flails
  3905 | D:3      | Noticed RobertPalmer's ghost (average OgTm)
  4236 | D:4      | Reached skill level 6 in Maces & Flails
  4236 | D:4      | Reached XP level 6. HP: 48/55 MP: 11/11
  4422 | D:4      | Found a shattered altar of Ashenzari.
  4480 | D:4      | Became a worshipper of Ashenzari the Shackled
  4916 | D:4      | Quit the game

Vanquished Creatures
  A scorpion (D:4)
  An orc priest (D:4)
  A worker ant (D:4)
  5 adders
  A giant mite (D:2)
  3 worms
  2 giant geckos
  4 orcs
  2 ball pythons (D:1)
  10 hobgoblins
  12 kobolds
  2 quokkas
  9 bats
  A giant cockroach (D:3)
  9 giant newts
  8 goblins
  A hobgoblin skeleton (D:4)
  An orc skeleton (D:4)
  11 rats
84 creatures vanquished.

Vanquished Creatures (collateral kills)
  Sigmund (D:3)
  3 adders (D:2)
  A worm (D:3)
  A giant mite (D:2)
  An orc (D:4)
  A rat (D:2)
8 creatures vanquished.

Grand Total: 92 creatures vanquished
